 Dungeon Crawl Stone Soup version 0.32-a0-995-gb4a59205af (webtiles) character file.

Game seed: 17531543064368245450

8423 Bediveer the Basher (level 11, 0/101 HPs)
             Began as a Mountain Dwarf Fighter on Apr 22, 2024.
             Was an Initiate of Gozag.
             Killed from afar by a tengu conjurer (16 damage)
             ... with a lance of force
             ... in a Gauntlet.
             The game lasted 00:20:50 (8926 turns).

Bediveer the Basher (Mountain Dwarf Fighter)        Turns: 8926, Time: 00:20:51

Health: 0/101      AC: 20    Str: 23    XL:     11   Next: 9%
Magic:  11/11      EV:  6    Int:  9    God:    Gozag
Gold:   419        SH: 12    Dex:  9    Spells: 10/10 levels left

rFire   . . .        j - +2 whip (elec)
rCold   . . .        m - +2 kite shield
rNeg    . . .        p - +0 chain mail
rPois   .            o - +0 helmet
rElec   .            G - +2 cloak
rCorr   .            (no gloves)
SInv    .            (no boots)
Will    +....        v - amulet of regeneration Stlth
                     q - +4 ring of protection
HPRegen 1.16/turn    (no ring)
MPRegen 0.12/turn

%: no teleportation
@: on berserk cooldown, attractive, slowed, very slow
A: runic magic, artefact enchanting
a: Renounce Religion, Potion Petition, Call Merchant, Bribe Branch


You were in a Gauntlet.
You worshipped Gozag.
Gozag was aware of your devotion.
You visited 2 branches of the dungeon, and saw 12 of its levels.
You also visited: Gauntlet.

You collected 1300 gold pieces.
You spent 144 gold pieces at shops.
You paid 737 gold pieces to Gozag.

Inventory:

Hand Weapons
 a - a +0 flail
 j - a +2 whip of electrocution (weapon)
 D - a +1 whip of venom
Missiles
 e - 32 poisoned darts (quivered)
 g - 4 javelins
 E - a curare-tipped dart
Armour
 c - a +0 cloak of poison resistance
 m - a +2 kite shield (worn)
 o - a +0 helmet (worn)
 p - a +0 chain mail (worn)
 G - a +2 cloak (worn)
Jewellery
 f - an amulet of reflection
 q - a +4 ring of protection (left hand)
 v - an amulet of regeneration (around neck)
Wands
 n - a wand of digging (7)
 r - a wand of quicksilver (12)
 x - a wand of charming (10)
 y - a wand of polymorph (10)
 A - a wand of mindburst (11)
 C - a wand of flame (38)
Scrolls
 i - 2 scrolls of enchant armour
 k - 2 scrolls of blinking
 l - a scroll of amnesia
Potions
 b - a potion of brilliance
 d - 3 potions of might
 h - a potion of enlightenment
 t - a potion of curing
 z - a potion of haste {unknown}


   Skills:
 + Level 10.3 Fighting
 - Level 12.0 Maces & Flails
 + Level 8.8 Armour
 + Level 9.7 Shields


You had 10 spell levels left.
You didn't know any spells.
Your spell library contained the following spells:

 Spells                   Type           Power      Damage    Failure   Level
 Slow                     Hex            0%         N/A       71%         1
 Lesser Beckoning         Tloc           0%         N/A       85%         2
 Scorch                   Fire           0%         2d5       85%         2
 Confusing Touch          Hex            0%         N/A       97%         3
 Maxwell's Portable Pile  Tloc           0%         2d(5-13)  97%         3
 Teleport Other           Tloc           0%         N/A       97%         3
 Vampiric Draining        Necr           0%         2d6       97%         3
 Animate Armour           Summ/Erth      0%         N/A       100%        4
 Flame Wave               Conj/Fire      0%         2d4       100%        4
 Lee's Rapid Deconstruct  Erth           0%         3d4*      100%        5
 Summon Cactus Giant      Summ           0%         N/A       100%        6
 Magnavolt                Erth/Air       0%         3d9       100%        7


Dungeon Overview and Level Annotations

Branches:
Dungeon (11/15)            Temple (1/1) D:5            Lair (0/5) D:9
    Orc (0/2) D:9         Gauntlet (1/1)

Altars:
Ashenzari
Cheibriados
Dithmenos
Elyvilon
Fedhas
Gozag
Hepliaklqana
Kikubaaqudgha
Makhleb
Nemelex Xobeh
Okawaru
Qazlal
Ru
Sif Muna
Trog
Uskayaw
Vehumet
Wu Jian
Xom
Yredelemnul
Zin
The Shining One

Shops:
D:2 (   D:5 !   D:9 (

Annotations:
Gauntlet 11 transporters, 1 runed translucent door


Innate Abilities, Weirdness & Mutations

Your spellcasting is much less encumbered by armour.
You can use scrolls of enchantment on lesser artefacts.


Message History

You block the tengu conjurer's attack.
The tengu conjurer pecks you but does no damage.
The tengu conjurer claws you but does no damage.
You hit the tengu conjurer but do no damage.
The tengu conjurer is lightly wounded.
You block the tengu conjurer's attack. x2
The tengu conjurer barely misses you.
You hit the tengu conjurer.
The tengu conjurer is lightly wounded.
You hit the tengu conjurer but do no damage.
The tengu conjurer is lightly wounded.
The tengu conjurer points at you and mumbles some strange words.
The bolt of lightning hits you!! The bolt of lightning misses you.
The battlesphere fires!
The barrage of energy hits you. The tengu conjurer blocks your attack.
The tengu conjurer is lightly wounded.
The tengu conjurer casts a spell at you.
The bolt of lightning hits you! The bolt of lightning hits you!!
* * * LOW HITPOINT WARNING * * *
The battlesphere fires!
The barrage of energy hits you!
* * * LOW HITPOINT WARNING * * *
You are too injured to fight recklessly!
It was a potion of attraction.
You feel attractive to monsters.
You block the tengu conjurer's attack. x2
The tengu conjurer barely misses you.
The tengu conjurer hits you but does no damage.
The tengu conjurer pecks you but does no damage.
You block the tengu conjurer's attack.
The battlesphere is attracted toward you.
You whack the tengu conjurer!
Lightning courses through the tengu conjurer!
The tengu conjurer is almost dead.
The battlesphere is attracted toward you.
You barely miss the tengu conjurer.
The tengu conjurer is almost dead.
The tengu conjurer gestures at you while chanting.
The lance of force hits you!
You die...
Your body crumbles into a pile of gold.

##≈.#....t###.#..X....#.#5##.##
#≈≈.###################.#######
##≈....#©....©....©#.......#©..
##..♣.#############..P♣...####
##≈.P....####©####...........##
#≈≈.PP.♣.###.!.###..P#≈#≈#P..#.
##≈......#.=+##..#.PP≈≈≈≈≈PP.##
##..P.♣.#..#©#..#.♣.#≈#≈#P♣.#x
#≈..P..#..##@..#..P≈≈≈≈≈.P.##
#≈≈..♣.###.Q§###..P#≈#≈#P..#x
####...###.*§###...........##
#≈..######################
#≈≈....#©.........©.......
####...###################
#≈.........#...©...#...
#≈≈..♣..P♣.#....#..#.♣.
####.......#...###.#..P


You could see a tengu conjurer and a battlesphere.

Vanquished Creatures
  A two-headed ogre (D:10)
  A tengu warrior (Gauntlet)
  Pikel (D:7)
  A necromancer (Gauntlet)
  An ugly thing (D:11)
  A tengu conjurer (Gauntlet)
  2 trolls
  A shadow (D:8)
  3 wyverns
  9 yaks
  A steam dragon (D:10)
  Menkaure (D:4)
  2 water moccasins
  2 orc warriors
  3 black bears
  A sky beast (D:7)
  3 wolves (Gauntlet)
  A centaur (D:5)
  2 ogres (D:7)
  5 kobold brigands
  A phantom (D:5)
  Blork the orc (D:4)
  2 bullfrogs (D:8)
  A gnoll sergeant (D:8)
  A scorpion (D:5)
  3 wights (D:9)
  3 killer bees (D:9)
  An electric eel (D:8)
  2 howler monkeys
  3 jellies
  A bombardier beetle (D:5)
  Crazy Yiuf (D:7)
  2 hounds
  7 orc priests
  2 iguanas
  Jessica (D:3)
  A sleepcap (D:6)
  5 orc wizards
  A hell rat (D:9)
  5 adders
  16 gnolls
  A river rat (D:9)
  2 white imps
  3 dart slugs
  4 ribbon worms
  14 orcs
  3 bats
  9 endoplasms
  2 goblins
  4 hobgoblins
  2 jackals (D:1)
  5 quokkas
  3 ball pythons
  4 frilled lizards
  33 kobolds
  4 rats
195 creatures vanquished.

Notes
Turn   | Place    | Note
-------+----------+-------------------------------------------
     0 | D:1      | Bediveer the Mountain Dwarf Fighter began the quest for the
                  | Orb.
     0 | D:1      | Reached XP level 1. HP: 19/19 MP: 1/1
   140 | D:1      | Reached skill level 3 in Maces & Flails
   190 | D:1      | Reached XP level 2. HP: 16/21 MP: 2/2
   662 | D:2      | Reached XP level 3. HP: 28/28 MP: 3/3
   768 | D:2      | Found Kath's Antique Weapon Emporium.
   928 | D:2      | Reached skill level 4 in Maces & Flails
  1316 | D:3      | Noticed Jessica
  1321 | D:3      | Killed Jessica
  1322 | D:3      | Reached XP level 4. HP: 37/40 MP: 4/4
  1625 | D:3      | Reached skill level 5 in Maces & Flails
  2225 | D:4      | Reached XP level 5. HP: 45/47 MP: 5/5
  2292 | D:4      | Found a shimmering altar of Xom.
  2323 | D:4      | Noticed Menkaure
  2446 | D:4      | Noticed Blork the orc
  2454 | D:4      | Killed Blork the orc
  2455 | D:4      | Reached skill level 6 in Maces & Flails
  2596 | D:4      | Killed Menkaure
  2597 | D:4      | Reached skill level 5 in Fighting
  2597 | D:4      | Reached XP level 6. HP: 56/56 MP: 6/6
  2983 | D:5      | Entered Level 5 of the Dungeon
  2995 | D:4      | Reached skill level 7 in Maces & Flails
  3058 | D:5      | Reached XP level 7. HP: 33/61 MP: 7/7
  3322 | D:5      | Found a staircase to the Ecumenical Temple.
  3382 | Temple   | Entered the Ecumenical Temple
  3484 | D:5      | Reached skill level 8 in Maces & Flails
  3484 | D:5      | Reached skill level 5 in Shields
  3692 | D:5      | Found Logum's Distillery.
  3700 | D:5      | Bought a potion of berserk rage for 60 gold pieces
  3700 | D:5      | Bought a potion of might for 48 gold pieces
  3700 | D:5      | Bought a potion of curing for 36 gold pieces
  3793 | D:5      | Reached XP level 8. HP: 65/70 MP: 8/8
  4239 | D:6      | Found an opulent altar of Gozag.
  4253 | D:6      | Became a worshipper of Gozag Ym Sagoz the Greedy
  4499 | D:6      | Found a hazy altar of Hepliaklqana.
  4623 | D:6      | Reached skill level 9 in Maces & Flails
  4923 | D:7      | Noticed Pikel
  4940 | D:7      | Killed Pikel
  4941 | D:7      | Reached skill level 10 in Maces & Flails
  5150 | D:7      | Reached XP level 9. HP: 79/79 MP: 9/9
  5352 | D:7      | Reached skill level 5 in Armour
  5585 | D:7      | Found a runed translucent door.
  5586 | D:7      | Noticed Crazy Yiuf
  5596 | D:7      | Killed Crazy Yiuf
  5728 | D:8      | Reached skill level 11 in Maces & Flails
  5761 | D:8      | Found a sparkling altar of Nemelex Xobeh.
  5761 | D:8      | Found a bloodstained altar of Trog.
  6848 | D:8      | Reached XP level 10. HP: 64/89 MP: 10/10
  6895 | D:9      | Found a staircase to the Lair.
  6928 | D:9      | Reached skill level 12 in Maces & Flails
  7405 | D:9      | Found a staircase to the Orcish Mines.
  7859 | D:10     | Entered Level 10 of the Dungeon
  8011 | D:10     | Noticed a two-headed ogre
  8031 | D:10     | Killed a two-headed ogre
  8321 | D:10     | Noticed a sun demon
  8519 | D:10     | You fall into a shaft and drop 1 floor!
  8527 | D:11     | Noticed a purple ugly thing
  8534 | D:11     | Found a hide-covered altar of Uskayaw.
  8559 | D:11     | Killed a purple ugly thing
  8597 | D:11     | Found a gate leading to a gauntlet.
  8602 | Gauntlet | Entered a Gauntlet
  8602 | Gauntlet | Found a transporter.
  8606 | Gauntlet | Noticed a necromancer
  8622 | Gauntlet | Found a transporter.
  8624 | Gauntlet | Found a transporter.
  8629 | Gauntlet | Found a runed translucent door.
  8631 | Gauntlet | Found a runed translucent door.
  8631 | Gauntlet | Noticed a tengu warrior
  8634 | Gauntlet | Found a transporter.
  8637 | Gauntlet | Found a transporter.
  8646 | Gauntlet | Found a transporter.
  8659 | Gauntlet | Noticed a large abomination
  8661 | Gauntlet | Noticed a ghost crab
  8662 | Gauntlet | Found a transporter.
  8663 | Gauntlet | Noticed a large abomination
  8664 | Gauntlet | Noticed a large abomination
  8669 | Gauntlet | Noticed an arcanist
  8669 | Gauntlet | Found the ring of the Octopus King
  8673 | Gauntlet | Found a transporter.
  8677 | Gauntlet | Noticed an occultist
  8685 | Gauntlet | Found a transporter.
  8685 | Gauntlet | Noticed a hell beast
  8700 | Gauntlet | Found a transporter.
  8718 | Gauntlet | Found a transporter.
  8718 | Gauntlet | Found a transporter.
  8720 | Gauntlet | Noticed a large abomination
  8722 | Gauntlet | Noticed a large abomination
  8726 | Gauntlet | Found a transporter.
  8726 | Gauntlet | Found a transporter.
  8810 | Gauntlet | Reached skill level 10 in Fighting
  8819 | Gauntlet | Killed a necromancer
  8903 | Gauntlet | Reached XP level 11. HP: 100/100 MP: 11/11
  8918 | Gauntlet | Killed a tengu warrior
  8926 | Gauntlet | Killed from afar by a tengu conjurer

Illustrated notes

Levels and vault maps discovered:
D:1:      psy_arrival_statuary, layout_loops_ring
D:2:      layout_basic, serial_glass, glass_columns_a, glass_columns_a,
          glass_columns_a, glass_columns_a, glass_columns_c, glass_columns_c,
          serial_shops, shop, lexackson_kobold_supper
D:3:      layout_loops_ring, chequers_jeans, uniq_jessica
D:4:      layout_basic, lemuel_doored_altar, kennysheep_generic_room_12,
          uniq_menkaure, uniq_blork_the_orc
D:5:      layout_rooms, temple_pool_b, serial_shops, shop,
          chequers_serial_rivers_large_a, st_stairs_13
D:6:      layout_loops_ring, grunt_gozag_statues, kennysheep_little_box,
          grunt_decor_resistance, nicolae_the_louvre
D:7:      layout_loops_ring, uniq_pikel, uniq_crazy_yiuf_cottage
D:8:      layout_loops_corners, chequers_temple_overflow_statue_of_worship,
          small_chamber_with_monster, nicolae_water_bricks
D:9:      layout_basic, dpeg_lair_monsters, orc_0_dummy,
          hangedman_decor_clover_reticule
D:10:     layout_irregular_city
D:11:     layout_loops_ring, gauntlet_entry_generic, nicolae_uskayaw_dance_hall
Temple:   nicolae_temple_bog_church
Gauntlet: minmay_gauntlet_77_tree [minmay_gauntlet_arena_77_double_cross,
          minmay_gauntlet_arena_77_checkered, minmay_gauntlet_arena_77_cramped,
          minmay_gauntlet_arena_77_squiggly,
          minmay_gauntlet_arena_77_tiled_triplets,
          minmay_gauntlet_arena_77_mirror, minmay_gauntlet_arena_77_p_blocks,
          dreamdust_gauntlet_exit_labyrinth]

Skill      XL: |  1  2  3  4  5  6  7  8  9 10 |
---------------+-------------------------------+-----
Maces & Flails | 3 4 5 6 7 8 10 11 12 | 12.0
Fighting       | 4 5 6 7 8 10 | 10.3
Shields        | 4 5 6 7 9 |  9.7
Armour         | 4 6 8 |  8.8

Action                     |  1- 3 |  4- 6 |  7- 9 | 10-12 || total
---------------------------+-------+-------+-------+-------++-------
  Melee: Flail             |    82 |       |     6 |       ||    88
         Whip              |    14 |   108 |   339 |   336 ||   797
  Throw: Javelin           |       |     3 |       |       ||     3
         Dart              |       |       |     4 |     5 ||     9
 Invoke: Call Merchant     |       |       |       |     1 ||     1
    Use: Scroll            |     1 |     5 |     4 |     5 ||    15
         Potion            |       |       |     1 |     5 ||     6
   Stab: Invisible         |       |       |       |     1 ||     1
 Armour: Scale mail        |    31 |    28 |       |       ||    59
         Chain mail        |       |    14 |   151 |   201 ||   366
  Dodge: Dodged            |    28 |    22 |    33 |    64 ||   147
  Block: Buckler           |    44 |    13 |       |       ||    57
         Reflection        |     4 |     1 |     1 |       ||     6
         Kite shield       |       |    52 |   164 |   173 ||   389

Table legend: (Time is in decaauts)
 A = Elapsed time spent in this place.
 B = Non-inter-level travel time spent in this place.
 C = Inter-level travel time spent in this place.
 D = Time resting spent in this place.
 E = Time spent auto-exploring this place.
 F = Levels seen in this place.
 G = Mean time per level.
                   A        B        C        D        E       F      G
               +--------+--------+--------+--------+--------+-----+--------+
         Total |   8717 |   8282 |    435 |    296 |   6387 |  13 |  670.5 |
       Dungeon |   8366 |   7947 |    419 |    296 |   6171 |  11 |  760.5 |
        Temple |     46 |     30 |     16 |      0 |      0 |   1 |   46.0 |
      Gauntlet |    304 |    304 |      0 |      0 |    216 |   1 |  304.0 |
               +--------+--------+--------+--------+--------+-----+--------+

Top non-repeatable levels by time:
     D:8: 1175 daAuts
     D:3: 902 daAuts
     D:9: 896 daAuts
     D:6: 884 daAuts
     D:7: 838 daAuts
     D:5: 837 daAuts
     D:4: 809 daAuts
     D:2: 691 daAuts
     D:1: 641 daAuts
    D:10: 610 daAuts
Gauntlet: 304 daAuts
    D:11: 78 daAuts
  Temple: 46 daAuts
